 Dungeon Crawl Stone Soup version 0.31-a0-795-g5eb97db20b (webtiles) character file.

Game seed: 4149408224276515821

222428 Newt the Bludgeoner (level 18, -3/163 HPs)
             Began as a Demonspawn Gladiator on Sept 18, 2023.
             Was a High Priest of Okawaru.
             Killed from afar by a deep elf annihilator (43 damage)
             ... with a crystal spear
             ... on level 3 of the Elven Halls.
             The game lasted 00:58:12 (39345 turns).

Newt the Bludgeoner (Demonspawn Gladiator)         Turns: 39345, Time: 00:58:13

Health: -3/163     AC: 30    Str: 22    XL:     18   Next: 53%
Magic:  25/29      EV: 22    Int:  5    God:    Okawaru [*****.]
Gold:   249        SH: 16    Dex: 14    Spells: 20/31 levels left

rFire   + . .        c - +9 demon whip (elec)
rCold   + . .        p - +1 kite shield of Roxac {Rampage rElec rF- Int-4}
rNeg    + + .        s - +2 fire dragon scales
rPois   +            E - +0 helmet {SInv}
rElec   +            t - +0 cloak
rCorr   +            (gloves unavailable)
SInv    +            k - +0 pair of boots "Roazil" {rC+ Regen+}
Will    ++...        x - amulet "Juutzu" {rC+ Regen+}
Stlth   ++           f - ring of Iguts {rN+ Will+ rCorr Str-4 SInv}
HPRegen 2.07/turn    w - ring of Vehumet's Supremacy {rPois rN+ EV+5 Stlth+}
MPRegen 0.21/turn

%: rampage
@: about to teleport, heroic, wereblooded, studying 3 skills
A: claws 3, slimy green scales 2, foul stench 3, icemail 2, condensation shield,
robust 2, strong 1
}: 1/15 runes: serpentine
a: Renounce Religion, Heroism, Finesse, Duel


You were on level 3 of the Elven Halls.
You worshipped Okawaru.
Okawaru was extremely pleased with you.
You visited 6 branches of the dungeon, and saw 30 of its levels.
You also visited: Ossuary and Ice Cave.

You collected 4065 gold pieces.
You spent 3816 gold pieces at shops.

Inventory:

Hand Weapons
 c - a +9 demon whip of electrocution (weapon)
 i - a +4 whip of electrocution
 z - the +5 morningstar of Ixuaq {pain, MP+9 Str-2 SInv}
   (Okawaru gifted it to you on level 5 of the Lair of Beasts)

   Str-2:     It affects your strength (-2).
   MP+9:      It affects your magic capacity (+9).
   SInv:      It lets you see invisible.
Missiles
 d - 2 throwing nets
 e - 12 javelins
 n - 55 poisoned darts
 K - a silver javelin
 N - 25 boomerangs
 O - 19 atropa-tipped darts
Armour
 k - the +0 pair of boots "Roazil" (worn) {rC+ Regen+}
   (Okawaru gifted it to you on level 4 of the Snake Pit)

   rC+:       It protects you from cold.
   Regen+:    It increases your rate of health regeneration.
 p - the +1 kite shield of Roxac (worn) {Rampage rElec rF- Int-4}
   (Okawaru gifted it to you on level 4 of the Snake Pit)

   Int-4:     It affects your intelligence (-4).
   rF-:       It makes you vulnerable to fire.
   rElec:     It insulates you from electricity.
   Rampage:   It bestows one free step when moving towards enemies.
 s - +2 fire dragon scales (worn)
 t - a +0 cloak (worn)
 u - a +2 ring mail of cold resistance
 E - a +0 helmet of see invisible (worn)
 Y - a +1 troll leather armour
Jewellery
 f - the ring of Iguts (left claw) {rN+ Will+ rCorr Str-4 SInv}
   (You acquired it on level 2 of the Dungeon)

   [ring of see invisible]

   Str-4:     It affects your strength (-4).
   rN+:       It protects you from negative energy.
   Will+:     It increases your willpower.
   SInv:      It lets you see invisible.
   rCorr:     It protects you from acid and corrosion.
 w - the ring of Vehumet's Supremacy (right claw) {rPois rN+ EV+5 Stlth+}
   (You bought it in a shop on level 3 of the Dungeon)

   [ring of evasion]

   EV+5:      It affects your evasion (+5).
   rPois:     It protects you from poison rN+: It protects you from negative
   energy.
   Stlth+:    It makes you more stealthy.
 x - the amulet "Juutzu" (around neck) {rC+ Regen+}
   (You bought it in a shop on level 1 of the Elven Halls)

   [amulet of regeneration]

   rC+:       It protects you from cold.
   Regen+:    It increases your rate of health regeneration.
 A - an amulet of regeneration
 G - an amulet of reflection
 U - a ring of positive energy
Wands
 o - a wand of quicksilver (23)
 y - a wand of paralysis (13)
 B - a wand of iceblast (9)
 V - a wand of flame (23)
 W - a wand of mindburst (9)
 X - a wand of digging (6)
Scrolls
 b - 2 scrolls of poison
 g - a scroll of brand weapon
 r - 2 scrolls of vulnerability
 v - 9 scrolls of teleportation
 C - 6 scrolls of revelation
 H - 3 scrolls of blinking
 J - 3 scrolls of amnesia
 R - a scroll of torment
 T - 3 scrolls of fear
 Z - 7 scrolls of identify
Potions
 a - 2 potions of heal wounds
 j - 6 potions of magic
 l - 3 potions of haste
 m - 20 potions of curing
 D - 6 potions of might
 F - 5 potions of lignification
 I - 10 potions of ambrosia
 L - 3 potions of resistance
 M - 2 potions of brilliance
 P - 3 potions of enlightenment
 Q - a potion of invisibility
 S - 3 potions of attraction


   Skills:
 - Level 10.3(15.3) Fighting
 - Level 4.0(9.0) Short Blades
 - Level 15.0(20.0) Maces & Flails
 - Level 8.0(13.0) Throwing
 - Level 9.0(14.0) Armour
 + Level 14.6(19.6) Dodging
 - Level 4.0(9.0) Shields
 - Level 6.0(11.0) Unarmed Combat
 - Level 7.3 Spellcasting
 - Level 9.7 Transmutations
 - Level 10.5 Ice Magic
 - Level 11.0 Invocations
 - Level 11.0 Evocations


You had 20 spell levels left.
You knew the following spells:

 Your Spells              Type           Power      Damage    Failure   Level
a - Frozen Ramparts       Ice            24%        1d4       4%          3
b - Hailstorm             Conj/Ice       7%         3d4       36%         3
c - Wereblood             Tmut           11%        N/A       3%          2
d - Ozocubu's Armour      Ice            12%        N/A       4%          3

Your spell library contained the following spells:

 Spells                   Type           Power      Damage    Failure   Level
 Freeze                   Ice            48%        1d6       1%          1
 Apportation              Tloc           2%         N/A       73%         1
 Magic Dart               Conj           4%         1d3       73%         1
 Necrotise                Necr           4%         1d4       73%         1
 Petrify                  Tmut/Erth      6%         N/A       83%         4
 Searing Ray              Conj           2%         2d4       86%         2
 Sublimation of Blood     Necr           1%         N/A       86%         2
 Dazzling Flash           Conj/Hex       2%         N/A       97%         3
 Gell's Gravitas          Tloc           1%         N/A       97%         3
 Inner Flame              Hex/Fire       1%         N/A       97%         3
 Teleport Other           Tloc           1%         N/A       97%         3
 Vampiric Draining        Necr           1%         2d6       97%         3
 Volatile Blastmotes      Fire/Tloc      2%         2d10      97%         3
 Irradiate                Conj/Tmut      3%         3d12      99%         5
 Yara's Violent Unravell  Hex/Tmut       3%         3d4       99%         5
 Dimensional Bullseye     Hex/Tloc       0%         N/A       100%        4
 Fulminant Prism          Conj/Hex       0%         3d5       100%        4
 Passage of Golubria      Tloc           1%         N/A       100%        4
 Arcjolt                  Conj/Air       0%         1d10      100%        5
 Conjure Ball Lightning   Conj/Air       0%         3x3d6     100%        6
 Dispersal                Tloc           0%         N/A       100%        6
 Starburst                Conj/Fire      0%         6d3       100%        6
 Enfeeble                 Hex            0%         N/A       100%        7
 Ozocubu's Refrigeration  Ice            6%         4d8       100%        7
 Discord                  Hex            0%         N/A       100%        8
 Disjunction              Tloc           0%         N/A       100%        8
 Maxwell's Capacitive Co  Air            0%         ∞         100%        8
 Summon Small Mammal      Summ           Unusable   N/A       N/A         1
 Tukima's Dance           Hex            Unusable   N/A       N/A         3
 Simulacrum               Ice/Necr       Unusable   N/A       N/A         6
 Summon Hydra             Summ           Unusable   N/A       N/A         7

Dungeon Overview and Level Annotations

Branches:
Dungeon (15/15)            Temple (1/1) D:7            Lair (5/5) D:8
 Shoals (0/4) Lair:3        Snake (4/4) Lair:2        Slime (0/5) Lair:5
    Orc (2/2) D:10            Elf (3/3) Orc:2        Vaults (0/5) D:14
 Depths (0/4) D:15        Ossuary (visited)           IceCv (visited)

Altars:
Ashenzari
Cheibriados
Dithmenos
Fedhas
Gozag
Hepliaklqana
Kikubaaqudgha
Makhleb
Nemelex Xobeh
Okawaru
Qazlal
Ru
Sif Muna
Trog
Uskayaw
Vehumet
Wu Jian
Xom
Yredelemnul
Jiyva

Shops:
D:3 =   D:13 :   Orc:2 [*:(   Elf:1 *=   Elf:2 (*=   Elf:3 ?   Snake:1 (:
Snake:3 :

Annotations:
D:7 2 runed translucent doors
D:15 2 transporters, Bustrupp's ghost, journeyman DsMo


Innate Abilities, Weirdness & Mutations

You have claws for hands.
You are mostly covered in slimy green scales. (AC +3)
You frequently emit foul miasma when damaged in melee.
A meltable icy envelope protects you from harm. (AC +8)
A meltable shield of frost defends you. (SH +4)
You are very robust. (+20% HP)
Your muscles are strong. (Str +4, Int/Dex -1)


Message History

The deep elf annihilator blinks!
The deep elf high priest mumbles some strange prayers to its god against you.
Something smites you!
The deep elf annihilator gestures wildly while chanting.
The deep elf annihilator blinks!
Casting: Wereblood (safe; 3% risk of failure)
Confirm with . or Enter, or press ? or * to list all spells.
Your blood is infused with primal strength.
The deep elf high priest misses you.
A deep elf elementalist comes into view.
It is wielding a +0 long sword.
The deep elf zephyrmancer mumbles some strange words.
The deep elf zephyrmancer blinks!
The deep elf annihilator casts a spell.
The deep elf annihilator blinks!
The deep elf annihilator casts a spell at you.
The entropic shot hits you!!!!
* * * LOW HITPOINT WARNING * * *
The deep elf annihilator gestures wildly while chanting.
The deep elf annihilator blinks!
Unknown command.
You whack the deep elf high priest!
Lightning courses through the deep elf high priest!
You feel a bit better.
You kill the deep elf high priest!
Okawaru accepts your kill.
As you read the scroll of teleportation, it crumbles to dust.
You feel strangely unstable.
The deep elf zephyrmancer seems less brilliant.
The deep elf elementalist gestures wildly while chanting.
The deep elf elementalist seems to speed up.
The deep elf annihilator gestures wildly while chanting.
The deep elf annihilator blinks!
You block the deep elf blademaster's attack. x2
You hit the deep elf blademaster.
The deep elf blademaster is lightly wounded.
The deep elf annihilator seems less brilliant.
The deep elf blademaster hits you but does no damage. x2
The deep elf annihilator points at you and mumbles some strange words.
The crystal spear hits you!!!
You die...

^.................... .
..................... ..
#'########'#'########'##'
...#.......#...........'
...#.......#...........#
...'.......'....)......#
################e######
#)# #@# #e# .e. ..e..
....e.. .....e...
....e...... ......#..e...


You could see a deep elf blademaster, 4 deep elf annihilators, a deep elf
elementalist (fast, empowered, repels missiles), a deep elf high priest and a
deep elf zephyrmancer.

Vanquished Creatures
  Nikola (Snake:2)
  Rupert (Orc:2)
  Zenata (Elf:3)
  Mlioglotl (Snake:2)
  The ghost of olddryhag the Fighter, an adept DsGl of Gozag (Snake:2)
  Gastronok (Lair:3)
  5 nagarajas
  Louise (Snake:4)
  5 deep elf sorcerers
  3 deep elf elementalists (Elf:3)
  An orc warlord (Orc:2)
  An ironbound preserver (D:14)
  A reaper (IceCv)
  A deep elf demonologist (Elf:3)
  2 deep elf annihilators (Elf:3)
  3 dire elephants (Lair:5)
  Josephine (D:14)
  2 deep elf high priests
  2 deep elf death magi
  A fire dragon (D:14)
  Fannar (D:10)
  6 hydras
  3 salamander tyrants (Snake:4)
  5 centaur warriors
  7 anacondas
  A catoblepas (Lair:5)
  An ogre mage (D:15)
  7 death yaks
  A tengu warrior (D:14)
  11 two-headed ogres
  15 naga warriors
  36 dancing weapons
  An orc high priest (Orc:2)
  6 naga sharpshooters
  A titan zombie (D:15)
  Sonja (D:10)
  Nergalle (Orc:2)
  4 shock serpents
  8 deep elf knights
  2 salamander mystics (Snake:4)
  2 spectral death yaks (Lair:5)
  A spectral anaconda (Lair:5)
  3 skeletal warriors
  12 sea snakes (Snake:3)
  A flayed ghost (D:15)
  4 naga ritualists
  5 deep elf archers
  2 wizards
  Pikel (D:7)
  The ghost of rjrrt the Chopper, a novice HOFi of Okawaru (D:6)
  An obsidian statue (Lair:5)
  22 deep elf zephyrmancers
  13 mana vipers
  5 necromancers
  19 deep elf pyromancers
  4 orc knights
  3 cyclopes
  2 orc sorcerers
  3 ugly things
  17 salamanders
  A manticore (D:12)
  13 elephants
  2 ice statues (IceCv)
  An iron dragon skeleton (D:15)
  7 slime creatures
  9 guardian serpents
  36 black mambas
  10 naga magi
  7 cane toads
  A gargoyle (D:11)
  A kobold demonologist (D:13)
  A dire elephant skeleton (Lair:5)
  3 rime drakes
  A freezing wraith (IceCv)
  A yaktaur (D:15)
  10 komodo dragons
  4 anaconda simulacra (IceCv)
  2 efreet
  4 ice devils (IceCv)
  A tengu conjurer (D:15)
  A queen bee (D:14)
  9 trolls
  2 hornets
  3 meliai (D:14)
  Grinder (D:4)
  A tarantella (shapeshifter) (D:14)
  2 spectral elephants (Lair:5)
  4 dream sheep (Lair:2)
  25 blink frogs
  6 air elementals
  A spriggan skeleton (D:15)
  A culicivora (shapeshifter) (D:14)
  7 wraiths
  A shadow (D:10)
  2 water elementals
  3 dire elephant simulacra
  6 basilisks
  6 wyverns
  33 yaks
  3 fire elementals
  3 steam dragons (D:8)
  2 death yak simulacra
  12 vampire mosquitoes
  31 nagas
  An acid dragon (D:10)
  4 harpy simulacra (IceCv)
  5 wargs
  A glowing shapeshifter zombie (D:15)
  13 water moccasins
  2 ice beasts
  27 orc warriors
  A sky beast (D:7)
  8 wolves
  4 black bears
  7 ogres
  An elephant zombie (Lair:5)
  2 centaurs
  2 elephant skeletons (Lair:5)
  2 phantoms (D:6)
  5 kobold brigands
  Blork the orc (D:4)
  12 bullfrogs
  An earth elemental (Elf:3)
  A cane toad simulacrum (Lair:5)
  A gnoll sergeant (D:9)
  A scorpion (D:7)
  A wight (D:9)
  22 killer bees (D:14)
  2 elephant simulacra
  11 electric eels
  4 centaur zombies (Ossuary)
  8 howler monkeys
  A human zombie (Ossuary)
  2 lava snakes (D:12)
  3 jellies
  17 orc priests
  6 hounds
  4 iguanas
  3 sleepcaps
  19 orc wizards
  A polar bear simulacrum (IceCv)
  3 mummies (Ossuary)
  A naga simulacrum (IceCv)
  3 adders
  2 shadow imps
  3 white imps
  2 ufetubi
  2 worms
  7 dart slugs
  72 orcs
  7 bats
  4 endoplasms
  5 giant cockroaches
  7 hobgoblins
  6 jackals (D:2)
  2 quokkas
  9 ball pythons
  4 frilled lizards
  8 goblins
  A hobgoblin zombie (Ossuary)
  22 kobolds
  A kobold zombie (Ossuary)
  An orc zombie (Ossuary)
  5 rats (D:1)
937 creatures vanquished.

Vanquished Creatures (others)
  A salamander tyrant (Snake:2)
  A naga sharpshooter (Snake:2)
  A deep elf knight (Elf:2)
  A salamander mystic (Snake:2)
  A deep elf archer (Elf:1)
  2 black mambas (Snake:2)
  An unseen horror (D:13)
  A hound (D:8)
9 creatures vanquished.

Grand Total: 946 creatures vanquished

Notes
Turn   | Place    | Note
-------+----------+-------------------------------------------
     0 | D:1      | Newt the Demonspawn Gladiator began the quest for the Orb.
     0 | D:1      | Reached XP level 1. HP: 16/16 MP: 1/1
   388 | D:1      | Gained mutation: A meltable shield of frost defends you.
                  | (SH +4) [demonic ancestry]
   388 | D:1      | Reached XP level 2. HP: 19/23 MP: 2/2
   699 | D:1      | Found a faded altar of an unknown god.
   880 | D:1      | Gained mutation: A meltable icy envelope protects you from
                  | harm. (AC +8) [demonic ancestry]
   880 | D:1      | Reached XP level 3. HP: 29/29 MP: 3/3
  1113 | D:2      | Identified a scroll of acquirement
  1113 | D:2      | Acquired the ring of Iguts {rN+ Will+ rCorr Str-4 SInv}
  1137 | D:2      | Identified the amulet "Oqaasyuf" {RegenMP *Slow rC+ rCorr
                  | MP+9}
  1616 | D:2      | Identified the +1 leather armour "Kitzaa" {Dex+3}
  1957 | D:3      | Reached XP level 4. HP: 14/37 MP: 4/4
  2252 | D:3      | Found Duvosh's Jewellery Shop.
  2454 | D:3      | Acquired 1277 gold pieces
  2556 | D:3      | Bought the ring of Vehumet's Supremacy {rPois rN+ EV+5
                  | Stlth+} for 596 gold pieces
  2557 | D:3      | Bought an amulet of guardian spirit for 330 gold pieces
  2745 | D:4      | Noticed Grinder
  2800 | D:4      | Paralysed by Grinder for 5 turns
  2805 | D:4      | Killed Grinder
  2806 | D:4      | Gained mutation: You have sharp fingernails. [demonic
                  | ancestry]
  2806 | D:4      | Reached XP level 5. HP: 30/42 MP: 3/5
  2806 | D:4      | Gained mutation: A meltable icy envelope protects you from
                  | harm. (AC +8) [demonic ancestry]
  2806 | D:4      | Reached XP level 6. HP: 35/48 MP: 3/6
  3043 | D:4      | Reached skill level 5 in Dodging
  3068 | D:4      | Found an ornate altar of the Wu Jian Council.
  3289 | D:4      | Noticed Blork the orc
  3308 | D:4      | Killed Blork the orc
  3309 | D:4      | Reached skill level 5 in Fighting
  3904 | D:5      | Entered Level 5 of the Dungeon
  3913 | D:5      | Gained mutation: You are partially covered in slimy green
                  | scales. (AC +2) [demonic ancestry]
  3913 | D:5      | Reached XP level 7. HP: 56/56 MP: 7/7
  4554 | D:6      | Reached XP level 8. HP: 63/68 MP: 6/8
  4609 | D:6      | Reached skill level 1 in Armour
  4989 | D:6      | Reached skill level 1 in Shields
  5261 | D:6      | Found a runed translucent door.
  5262 | D:6      | Noticed rjrrt's ghost (novice HOFi)
  5574 | D:6      | Killed rjrrt's ghost
  5575 | D:6      | Gained mutation: You have very sharp fingernails. [demonic
                  | ancestry]
  5575 | D:6      | Reached XP level 9. HP: 27/74 MP: 4/9
  5933 | D:7      | Reached skill level 1 in Unarmed Combat
  6102 | D:7      | Found a sand-covered staircase.
  6102 | D:7      | Noticed Pikel
  6135 | D:7      | Killed Pikel
  6136 | D:7      | Reached skill level 1 in Maces & Flails
  6145 | Ossuary  | Entered an ossuary
  6284 | Ossuary  | Reached skill level 2 in Maces & Flails
  6573 | D:7      | Found a staircase to the Ecumenical Temple.
  6612 | D:7      | Reached skill level 5 in Unarmed Combat
  6618 | Temple   | Entered the Ecumenical Temple
  6625 | Temple   | Became a worshipper of Warmaster Okawaru
  6936 | D:7      | Found a runed translucent door.
  6938 | D:7      | Found a runed translucent door.
  7205 | D:8      | Noticed a troll
  7209 | D:8      | Noticed a two-headed ogre
  7239 | D:8      | Killed a two-headed ogre
  7240 | D:8      | Reached XP level 10. HP: 51/82 MP: 7/10
  7258 | D:8      | Reached * piety under Okawaru
  7352 | D:8      | Reached skill level 10 in Fighting
  7665 | D:8      | Found a staircase to the Lair.
  8485 | D:8      | Reached skill level 3 in Maces & Flails
  8894 | D:8      | Found a shimmering altar of Xom.
  8907 | D:8      | Found a broken altar of Ashenzari.
  8996 | D:8      | Found a sparkling altar of Nemelex Xobeh.
  9073 | D:8      | Found a blossoming altar of Fedhas.
  9225 | D:8      | Identified the +4 great sword of Ysiuco {pain, Int+2 SInv}
  9406 | D:9      | Reached skill level 4 in Maces & Flails
  9422 | D:9      | Reached ** piety under Okawaru
  9476 | D:9      | Reached skill level 5 in Maces & Flails
  9737 | D:9      | Reached skill level 6 in Maces & Flails
  9932 | D:10     | Entered Level 10 of the Dungeon
  9932 | D:10     | Noticed Sonja
  9943 | D:10     | Killed Sonja
  9943 | D:10     | Reached *** piety under Okawaru
  9944 | D:10     | Reached XP level 11. HP: 91/92 MP: 9/11
 10157 | D:10     | Noticed a skeletal warrior
 10170 | D:10     | Noticed a two-headed ogre
 10174 | D:10     | Reached skill level 7 in Maces & Flails
 10258 | D:10     | Killed a two-headed ogre
 10259 | D:10     | Reached skill level 8 in Maces & Flails
 10276 | D:10     | Killed a skeletal warrior
 10340 | D:10     | Found a broken altar of Ashenzari.
 10436 | D:10     | Found a staircase to the Orcish Mines.
 10481 | D:10     | Reached **** piety under Okawaru
 10751 | D:10     | Noticed Fannar
 10771 | D:10     | Killed Fannar
 10771 | D:10     | Received a gift from Okawaru
 10772 | D:10     | Reached skill level 9 in Maces & Flails
 11211 | D:11     | Noticed a two-headed ogre
 11222 | D:11     | Killed a two-headed ogre
 11442 | D:11     | Noticed a two-headed ogre
 11460 | D:11     | Killed a two-headed ogre
 11522 | D:11     | Identified the +5 dagger "Biril" {pain, Fragile rF+ rN+
                  | Dex+3}
 11719 | D:11     | Gained mutation: You are clumsy. (Dex -2) [potion of
                  | mutation]
 11719 | D:11     | Lost mutation: You are clumsy. (Dex -2) [potion of
                  | mutation]
 11722 | D:11     | Gained mutation: You are robust. (+10% HP) [potion of
                  | mutation]
 11722 | D:11     | Gained mutation: You are very robust. (+20% HP) [potion of
                  | mutation]
 11722 | D:11     | Gained mutation: Your muscles are strong. (Str +4, Int/Dex
                  | -1) [potion of mutation]
 11772 | D:12     | Noticed a deep elf pyromancer
 11858 | D:12     | Killed a deep elf pyromancer
 11858 | D:12     | Reached ***** piety under Okawaru
 11859 | D:12     | Reached skill level 1 in Invocations
 11972 | D:12     | Gained mutation: You may rarely emit foul miasma when
                  | damaged in melee. [demonic ancestry]
 11972 | D:12     | Reached XP level 12. HP: 106/117 MP: 12/15
 11982 | D:12     | Reached skill level 5 in Invocations
 12118 | D:12     | Identified the +1 pair of boots of Circular Logic {rCorr}
                  | (Okawaru gifted it to you on level 12 of the Dungeon)
 12118 | D:12     | Received a gift from Okawaru
 12297 | D:12     | Gained mutation: You sometimes emit foul miasma when
                  | damaged in melee. [demonic ancestry]
 12297 | D:12     | Reached XP level 13. HP: 123/124 MP: 15/21
 12637 | D:13     | Reached skill level 5 in Armour
 12712 | D:13     | Found Siceps's Book Shoppe.
 13784 | D:14     | Noticed Josephine
 13812 | D:14     | Killed Josephine
 14106 | D:14     | Found a gate to the Vaults.
 14106 | D:14     | Noticed an ironbound preserver
 14106 | D:14     | Noticed a fire dragon
 14141 | D:14     | Killed an ironbound preserver
 14144 | D:14     | Killed a fire dragon
 14838 | D:14     | Received a gift from Okawaru
 14990 | D:15     | Entered Level 15 of the Dungeon
 15028 | D:15     | Found a stormy altar of Qazlal.
 15048 | D:15     | Reached skill level 5 in Throwing
 15053 | D:15     | Gained mutation: You have claws for hands. [demonic
                  | ancestry]
 15053 | D:15     | Reached XP level 14. HP: 125/133 MP: 20/22
 15328 | D:15     | Found a staircase to the Depths.
 15725 | D:15     | Noticed Bustrupp's ghost (journeyman DsMo)
 15726 | D:15     | Found a transporter.
 15726 | D:15     | Noticed a fire giant
 15726 | D:15     | Noticed a frost giant
 15727 | D:15     | Identified the +7 great mace "Tauxynlo" {flame, *Corrode
                  | rElec rF+ rC++}
 15748 | D:15     | Received a gift from Okawaru
 16029 | D:15     | Paralysed by an ogre mage for 3 turns
 16459 | D:15     | Found a transporter.
 16641 | Lair:1   | Entered Level 1 of the Lair of Beasts
 16924 | Lair:1   | Reached ****** piety under Okawaru
 17462 | Lair:1   | Reached skill level 10 in Dodging
 17806 | Lair:2   | Received a gift from Okawaru
 18040 | Lair:2   | Found a staircase to the Snake Pit.
 18142 | Lair:2   | You fall into a shaft and drop 1 floor!
 18147 | Lair:3   | Found a staircase to the Shoals.
 18230 | Lair:3   | Noticed Gastronok
 18233 | Lair:3   | Identified the +3 double sword "Concordance" {drain, rPois
                  | rN+++ rCorr Int-3} (Okawaru gifted it to you on level 3 of
                  | the Lair of Beasts)
 18233 | Lair:3   | Received a gift from Okawaru
 18252 | Lair:3   | Killed Gastronok
 18889 | Lair:4   | Found a frozen archway.
 18905 | IceCv    | Entered an ice cave
 19935 | IceCv    | Gained mutation: You are mostly covered in slimy green
                  | scales. (AC +3) [demonic ancestry]
 19935 | IceCv    | Reached XP level 15. HP: 136/139 MP: 23/23
 20835 | Lair:4   | Received a gift from Okawaru
 21927 | Lair:5   | Entered Level 5 of the Lair of Beasts
 22008 | Lair:4   | Reached skill level 10 in Evocations
 22132 | Lair:5   | Found a viscous altar of Jiyva.
 22133 | Lair:5   | Found a staircase to the Slime Pits.
 22525 | Lair:5   | Reached skill level 1 in Ice Magic
 22544 | Lair:5   | Reached skill level 1 in Spellcasting
 22650 | Lair:5   | Identified the +5 morningstar of Ixuaq {pain, MP+9 Str-2
                  | SInv} (Okawaru gifted it to you on level 5 of the Lair of
                  | Beasts)
 22650 | Lair:5   | Received a gift from Okawaru
 23250 | Lair:5   | Reached skill level 5 in Ice Magic
 23332 | Lair:5   | Identified the +5 quarterstaff "Yviuxt" {heavy, Will+++
                  | rCorr Str-4 Int+2}
 24194 | Orc:1    | Entered Level 1 of the Orcish Mines
 24290 | Orc:1    | Identified the +0 chain mail of the Shifting Gods {Harm
                  | rPois rN+++ Dex-2} (Okawaru gifted it to you on level 1 of
                  | the Orcish Mines)
 24290 | Orc:1    | Received a gift from Okawaru
 24583 | Orc:2    | Entered Level 2 of the Orcish Mines
 24589 | Orc:2    | Found a staircase to the Elven Halls.
 25019 | Orc:2    | Reached skill level 5 in Spellcasting
 25157 | Orc:2    | Noticed Nergalle
 25191 | Orc:2    | Killed Nergalle
 25415 | Orc:2    | Found Orchauf's Book Shop.
 25452 | Orc:2    | Found Zourhyra's Antique Armour Shop.
 25498 | Orc:2    | Bought a shiny helmet for 120 gold pieces
 25541 | Orc:2    | Noticed Rupert
 25558 | Orc:2    | Killed Rupert
 25559 | Orc:2    | Reached XP level 16. HP: 119/147 MP: 24/24
 25659 | Orc:2    | Found Fuatrud's Antique Weapon Shop.
 25665 | Orc:2    | Bought a glowing dire flail for 238 gold pieces
 25665 | Orc:2    | Bought a glowing flail for 221 gold pieces
 25683 | Orc:2    | Found Deoble's General Store.
 25822 | Elf:1    | Entered Level 1 of the Elven Halls
 27073 | Snake:1  | Entered Level 1 of the Snake Pit
 28004 | Snake:1  | Received a gift from Okawaru
 28005 | Snake:1  | Reached skill level 10 in Ice Magic
 28029 | Snake:1  | Learned a level 3 spell: Frozen Ramparts
 28033 | Snake:1  | Learned a level 3 spell: Hailstorm
 28082 | Snake:1  | Found Juinar's Weapon Shop.
 28084 | Snake:1  | Found Raoc's Book Boutique.
 28088 | Snake:1  | Bought a +1 demon whip of electrocution for 667 gold pieces
 28443 | Snake:1  | Received a gift from Okawaru
 28879 | Snake:2  | Received a gift from Okawaru
 29306 | Snake:2  | Noticed Mlioglotl
 29322 | Snake:2  | Killed Mlioglotl
 29322 | Snake:2  | Received a gift from Okawaru
 29443 | Snake:2  | Reached skill level 10 in Maces & Flails
 29507 | Snake:2  | Found a runed translucent door.
 29510 | Snake:2  | Noticed olddryhag's ghost (adept DsGl)
 29702 | Snake:2  | Killed olddryhag's ghost
 29708 | Snake:2  | Identified the +4 halberd "Kotunk" {freeze, rC- rN+ Dex+2
                  | SInv}
 29966 | Snake:2  | Noticed Nikola
 30722 | Snake:2  | Killed Nikola
 30733 | Snake:2  | Reached skill level 11 in Maces & Flails
 31631 | Snake:3  | Received a gift from Okawaru
 31948 | Snake:3  | Got an upside-down book
 32129 | Snake:3  | Reached skill level 12 in Maces & Flails
 32249 | Snake:3  | Found Asupn's Book Shoppe.
 32437 | Snake:3  | Bought Ozocubu's Autobiography for 288 gold pieces
 32437 | Snake:3  | Bought a book of Blood for 336 gold pieces
 32440 | Snake:3  | Learned a level 2 spell: Wereblood
 32479 | Snake:3  | Identified the +0 scale mail of Understanding {Will- Str+4
                  | Int+3}
 32574 | Snake:4  | Entered Level 4 of the Snake Pit
 32590 | Snake:4  | Reached skill level 1 in Transmutations
 32654 | Snake:4  | Identified the +1 kite shield of Roxac {Rampage rElec rF-
                  | Int-4} (Okawaru gifted it to you on level 4 of the Snake
                  | Pit)
 32654 | Snake:4  | Received a gift from Okawaru
 32673 | Snake:4  | Reached XP level 17. HP: 59/154 MP: 15/28
 32829 | Snake:4  | Learned a level 3 spell: Ozocubu's Armour
 34191 | Snake:4  | Reached skill level 5 in Transmutations
 34977 | Snake:4  | Noticed Louise
 35095 | Snake:4  | Killed Louise
 35403 | Snake:4  | Identified the +1 dagger "Hell-Harrower" {drain, *Slow
                  | Will+++ Int+4}
 35623 | Snake:4  | Received a gift from Okawaru
 35799 | Snake:4  | Identified the +0 pair of boots "Roazil" {rC+ Regen+}
                  | (Okawaru gifted it to you on level 4 of the Snake Pit)
 35799 | Snake:4  | Received a gift from Okawaru
 35816 | Snake:4  | Got a serpentine rune of Zot
 36246 | Elf:1    | Found Wuxim Mulua's Jewellery Boutique.
 36253 | Elf:1    | Bought the amulet "Juutzu" {rC+ Regen+} for 572 gold pieces
 36306 | Elf:1    | Identified the +0 robe "Wifremax" {Drain Int+4 Archmagi}
 36451 | Elf:1    | Paralysed by an air elemental for 1 turns
 36475 | Elf:1    | Paralysed by an air elemental for 1 turns
 36482 | Elf:1    | Paralysed by an air elemental for 1 turns
 36637 | Elf:1    | Found Zosijek's Assorted Antiques.
 36676 | Elf:1    | Acquired a manual of Dodging
 36679 | Elf:1    | Bought a potion of curing for 84 gold pieces
 36679 | Elf:1    | Bought a potion of curing for 84 gold pieces
 36679 | Elf:1    | Bought a potion of curing for 84 gold pieces
 36950 | Elf:2    | Reached skill level 13 in Maces & Flails
 37083 | Elf:2    | Found Qazeoriet's Antique Weapon Boutique.
 37089 | Elf:2    | Found Cauzacid's Jewellery Boutique.
 37175 | Elf:2    | Found a runed translucent gate.
 37175 | Elf:2    | Found a runed translucent gate.
 37177 | Elf:2    | Found a runed translucent gate.
 37265 | Elf:2    | Paralysed by an air elemental for 1 turns
 37273 | Elf:2    | Paralysed by an air elemental for 1 turns
 37314 | Elf:2    | Paralysed by an air elemental for 1 turns
 37323 | Elf:2    | Found Enaz's General Store.
 37352 | Elf:2    | HP: 2/154 [+0 glaive of protection (22)]
 37712 | Elf:2    | Bought a potion of curing for 42 gold pieces
 37712 | Elf:2    | Bought 2 potions of curing for 84 gold pieces
 37712 | Elf:2    | Bought a potion of heal wounds for 70 gold pieces
 37894 | Elf:2    | Gained mutation: You frequently emit foul miasma when
                  | damaged in melee. [demonic ancestry]
 37894 | Elf:2    | Reached XP level 18. HP: 125/163 MP: 29/29
 37897 | Elf:2    | Reached skill level 14 in Maces & Flails
 38153 | Elf:2    | Received a gift from Okawaru
 38158 | Elf:2    | HP: 1/163 [+2 glaive of protection (20)]
 38385 | Elf:2    | Identified the +0 scale mail of Qeopam {rElec Str+2}
                  | (Okawaru gifted it to you on level 2 of the Elven Halls)
 38385 | Elf:2    | Received a gift from Okawaru
 38658 | Elf:3    | Entered Level 3 of the Elven Halls
 38745 | Elf:3    | Noticed Zenata
 38778 | Elf:3    | Killed Zenata
 38779 | Elf:3    | Reached skill level 15 in Maces & Flails
 38814 | Elf:3    | Found Vycseofa's Magic Scroll Boutique.
 39049 | Elf:3    | Paralysed by an air elemental for 1 turns
 39184 | Elf:3    | Got a quavering book
 39254 | Elf:3    | Paralysed by an air elemental for 1 turns
 39257 | Elf:3    | Paralysed by an air elemental for 1 turns
 39345 | Elf:3    | Killed from afar by a deep elf annihilator

Illustrated notes

Levels and vault maps discovered:
D:1:      zaba_arrival_water, layout_basic,
          shapermc_ecumenical_altar_starsandcircs, grunt_decor_one_mirror,
          minmay_tall_x
D:2:      layout_basic, kennysheep_generic_room_14
D:3:      layout_rooms, serial_shops, nicolae_shop_tiny_waterfront
D:4:      layout_layer_cave, nicolae_wu_jian_wuxing_cycle, minmay_unequal,
          uniq_grinder, uniq_blork_the_orc
D:5:      layout_basic
D:6:      kennysheep_slugbush, layout_basic, gammafunk_ghost_grave
D:7:      lemuel_insect_pit, layout_rooms, temple_pool_b, enter_ossuary_2,
          uniq_pikel
D:8:      layout_loops_ring, nicolae_overflow_hidden_temple,
          kennysheep_little_box, old_standard_altar,
          mainiacjoe_overflow_alcove_1, erik_lair_island, serial_glass,
          glass_columns_b, glass_columns_b
D:9:      layout_rooms, minmay_misc_feat_enclosed, minmay_diced_spiral
D:10:     layout_loops_ring, erik_orc_3, minmay_ruined_shrine, uniq_fannar,
          uniq_sonja
D:11:     layout_roguey
D:12:     layout_rooms, nicolae_lava_and_water
D:13:     layout_rooms, nicolae_stop_n_shop_2, hangedman_decor_push
D:14:     layout_long_grid, skrybe_vaults_entry_preservation, special_room
          [special_room_bee], kennysheep_nondescript, uniq_josephine
D:15:     gammafunk_depths_entry_grave, layout_basic, gammafunk_ghost_smash,
          nicolae_qazlal_style_of_elements
Temple:   sentei_temple_godly_chess
Lair:1:   layout_gridlike, st_stairs_7, grunt_forest_small_clearing_treed
Lair:2:   layout_loops_ring, guppyfry_snake_entry_island,
          small_statue_intersection, st_stairs_7, grunt_megastairs_3
Lair:3:   layout_hall_layers, shoals_dummy_entry, uniq_gastronok
Lair:4:   layout_long_grid, serial_bayou, serial_bayou_lagoon_a,
          serial_bayou_pond_a, serial_bayou_shore_b, serial_bayou_pond_d,
          serial_bayou_pond_d, portal_ice_cave_entry_pillars_1
Lair:5:   due_jungle_book, layout_misc_corridors, slime_entry_1, serial_rivers,
          chequers_serial_rivers_micro_d, chequers_serial_rivers_marsh,
          chequers_serial_rivers_marsh, chequers_serial_rivers_micro_e,
          chequers_serial_rivers_micro_a, chequers_serial_rivers_micro_c
Snake:1:  layout_misc_corridors, nicolae_snake_omega, minmay_shoptagon
Snake:2:  layout_grid_maze, ebering_ghost_reflecting_pool,
          nicolae_twisty_statue_hallways, uniq_mlioglotl, uniq_nikola
Snake:3:  layout_basic, serial_shops, shop
Snake:4:  grunt_snake_rune_pools, layout_misc_corridors, uniq_louise
Orc:1:    layout_diamond_mine, basic_altar
Orc:2:    grunt_orc_cross, layout_diamond_mine, uniq_rupert
Elf:1:    eino_elf_arrival_sip, layout_loops_cross, mu_enter_wizlab_3,
          serial_shops, shop, shop, kennysheep_underground_church
Elf:2:    nicolae_elf_blades_splatter_lattice [nicolae_blade_lattice],
          layout_rooms, serial_shops, shop, shop, nicolae_shop_trees
Elf:3:    minmay_elf_hall_four_x, layout_geoelf_castle, serial_shops, shop,
          serial_aquarium, aquarium_bridge_straight [aquarium_subvault_bridge,
          aquarium_subvault_wall, aquarium_subvault_bridge,
          aquarium_subvault_window], aquarium_bridge_island_small
          [aquarium_subvault_small_open, aquarium_subvault_bridge,
          aquarium_subvault_bridge, aquarium_subvault_bridge,
          aquarium_subvault_window], aquarium_window_1, aquarium_window_2,
          aquarium_view_2e, uniq_zenata

Skill      XL: |  1  2  3  4  5  6  7  8  9 10 11 12 13 14 15 16 17 18 |
---------------+-------------------------------------------------------+-----
Fighting       | 3 4 5 7 8 10 | 10.3
Short Blades   | 3 4 |  4.0
Dodging        | 4 5 8 12 14 | 14.6
Armour         | 4 9 |  9.0
Shields        | 4 |  4.0
Evocations     | 3 4 7 11 | 11.0
Unarmed Combat | 6 |  6.0
Maces & Flails | 2 6 9 12 13 15 | 15.0
Invocations    | 4 11 | 11.0
Throwing       | 5 8 |  8.0
Ice Magic      | 8 10 | 10.5
Spellcasting   | 5 7 |  7.3
Transmutations | 2 9 |  9.7

Action                     |  1- 3 |  4- 6 |  7- 9 | 10-12 | 13-15 | 16-18 || total
---------------------------+-------+-------+-------+-------+-------+-------++-------
  Melee: Rapier            |   185 |    72 |       |       |       |       ||   257
         Punch             |     5 |     3 |     1 |    37 |   169 |    51 ||   266
         Short sword       |       |    75 |   451 |       |       |       ||   526
         Unarmed           |       |       |   244 |   115 |       |       ||   359
         Whip              |       |       |       |   649 |  1941 |       ||  2590
         Morningstar       |       |       |       |       |   568 |   175 ||   743
         Demon whip        |       |       |       |       |       |  1671 ||  1671
  Throw: Javelin           |     1 |       |       |       |    17 |       ||    18
         Boomerang         |       |       |       |    32 |     2 |    30 ||    64
         Dart              |       |       |       |       |     4 |     2 ||     6
         Throwing net      |       |       |       |       |     1 |     1 ||     2
   Cast: Frozen Ramparts   |       |       |       |       |       |    11 ||    11
         Wereblood         |       |       |       |       |       |     7 ||     7
         Ozocubu's Armour  |       |       |       |       |       |     3 ||     3
 Invoke: Heroism           |       |       |       |     2 |     7 |    13 ||    22
         Finesse           |       |       |       |       |     2 |     2 ||     4
  Evoke: Wand              |       |       |       |     5 |    16 |    10 ||    31
    Use: Scroll            |     1 |     8 |     6 |    10 |     6 |    21 ||    52
         Potion            |       |       |     4 |     7 |     4 |     7 ||    22
   Stab: Sleeping          |       |     1 |     4 |     2 |     8 |       ||    15
         Distracted        |       |     1 |       |     1 |     1 |       ||     3
         Paralysed         |       |       |       |       |     3 |       ||     3
 Armour: Leather armour    |    97 |    63 |   233 |   122 |       |       ||   515
         Scale mail        |     4 |       |       |       |       |       ||     4
         Troll leather arm |       |       |       |   217 |  1153 |    14 ||  1384
         Ring mail         |       |       |       |       |   234 |       ||   234
         Fire dragon scale |       |       |       |       |       |  1004 ||  1004
  Dodge: Dodged            |   147 |   116 |   382 |   523 |  2519 |  1052 ||  4739
  Block: Other             |    33 |     9 |     5 |    77 |   477 |   120 ||   721
         Kite shield       |       |       |   446 |    92 |       |   241 ||   779

Table legend: (Time is in decaauts)
 A = Elapsed time spent in this place.
 B = Non-inter-level travel time spent in this place.
 C = Inter-level travel time spent in this place.
 D = Time resting spent in this place.
 E = Time spent auto-exploring this place.
 F = Levels seen in this place.
 G = Mean time per level.
                   A        B        C        D        E       F      G
               +--------+--------+--------+--------+--------+-----+--------+
         Total |  37890 |  36031 |   1859 |  10405 |  17556 |  32 | 1184.1 |
       Dungeon |  16103 |  15110 |    993 |   3749 |   7995 |  15 | 1073.5 |
        Temple |     14 |      7 |      7 |      0 |      0 |   1 |   14.0 |
          Lair |   6088 |   5711 |    377 |   1212 |   3059 |   5 | 1217.6 |
     Snake Pit |   8175 |   7924 |    251 |   2935 |   3650 |   4 | 2043.8 |
  Orcish Mines |   2090 |   1985 |    105 |    611 |    818 |   2 | 1045.0 |
   Elven Halls |   3547 |   3422 |    125 |   1181 |   1314 |   3 | 1182.3 |
       Ossuary |    392 |    392 |      0 |      0 |    224 |   1 |  392.0 |
      Ice Cave |   1478 |   1478 |      0 |    716 |    495 |   1 | 1478.0 |
               +--------+--------+--------+--------+--------+-----+--------+

Top non-repeatable levels by time:
 Snake:3: 2728 daAuts
     D:8: 2496 daAuts
 Snake:4: 2098 daAuts
 Snake:2: 1985 daAuts
  Lair:5: 1868 daAuts
   Orc:2: 1670 daAuts
  Lair:4: 1645 daAuts
   Elf:2: 1609 daAuts
    D:14: 1532 daAuts
   IceCv: 1478 daAuts
     D:6: 1398 daAuts
    D:15: 1396 daAuts
 Snake:1: 1361 daAuts
   Elf:1: 1332 daAuts
     D:4: 1220 daAuts
